 Dungeon Crawl Stone Soup version 0.20-a0-435-gf4ea4dd (webtiles) character file.

84 Asddderdsw the Gusty (level 4, -4/34 HPs)
             Began as a Draconian Air Elementalist on Jan 5, 2017.
             Slain by a gnoll
             ... wielding a +0 spear
              (9 damage)
             ... on level 4 of the Dungeon.
             The game lasted 00:21:34 (1316 turns).

Asddderdsw the Gusty (Draconian Air Elementalist)   Turns: 1316, Time: 00:21:37

Health: -4/34      AC:  5    Str: 16    XL:     4   Next: 24%
Magic:  1/8        EV: 11    Int: 17    God:
Gold:   83         SH:  3    Dex: 11    Spells: 7/8 levels left

rFire  . . .     SeeInvis .     f - +4 hand axe
rCold  . . .     Gourm    .     (armour unavailable)
rNeg   . . .     Faith    .     l - +0 buckler
rPois  .         Spirit   .     (helmet restricted)
rElec  .         Reflect  .     (no cloak)
rCorr  .         Harm     .     (no gloves)
MR     .....                    (no boots)
Stlth  ++........               (no amulet)
                                (no ring)
                                m - +6 ring of strength

@: no status effects
A: unfitting armour, cold-blooded, AC +5
a: no special abilities


You were on level 4 of the Dungeon.
You were not hungry.

You visited 1 branch of the dungeon, and saw 4 of its levels.

You collected 83 gold pieces.

Inventory:

Hand Weapons
 d - a +0 club
 e - a +0 dagger
 f - a +4 hand axe (weapon)
 h - a cursed +0 quarterstaff
 j - a +0 quarterstaff of distortion
 u - a +0 halberd of venom
Missiles
 c - 84 stones (quivered)
 n - 15 bolts
 o - 14 poisoned needles
 q - 34 arrows
Armour
 l - a +0 buckler (worn)
Jewellery
 m - a +6 ring of strength (left hand)
Wands
 s - a wand of paralysis (11/24)
Scrolls
 k - a scroll of blinking {unknown}
Potions
 g - a potion of lignification
Books
 a - a book of Air

   Spells                             Type                      Level
   a - Shock                          Conjuration/Air              1
   b - Swiftness                      Charms/Air                   2
   c - Repel Missiles                 Charms/Air                   2
   d - Static Discharge               Conjuration/Air              3
   e - Lightning Bolt                 Conjuration/Air              5
Comestibles
 b - 3 bread rations
 i - 4 fruits
 p - a royal jelly
 t - 2 chunks of flesh


   Skills:
 + Level 0.9 Fighting
 + Level 0.6 Axes
 + Level 0.1 Throwing
 + Level 2.2 Dodging
 + Level 2.2 Stealth
 + Level 0.4 Unarmed Combat
 + Level 2.6 Spellcasting
 + Level 1.0 Conjurations
 + Level 3.6 Air Magic


You had 7 spell levels left.
You knew the following spells:

 Your Spells              Type           Power        Failure   Level  Hunger
a - Shock                 Conj/Air       ##..         14%         1    #......


Dungeon Overview and Level Annotations

Branches:
Dungeon (4/15)
 Temple: D:4-7

Altars:
Ashenzari
Vehumet


Innate Abilities, Weirdness & Mutations

Your plain brown scales are hard. (AC +5)
You cannot fit into any form of body armour.
You are cold-blooded and may be slowed by cold attacks.


Message History

The zap hits the gnoll.
The gnoll is moderately wounded.
The zap hits the gnoll.
The gnoll is heavily wounded.
The gnoll hits you from afar with a spear.
* * * LOW HITPOINT WARNING * * *
The iguana closely misses you.
Casting: Shock
Confirm with . or Enter, or press ? or * to list all spells.
Aiming: Shock
Press: ? - help, Shift-Dir - straight line, f/p - iguana
Aim: an iguana (severely wounded)
The zap hits the iguana.
The iguana is almost dead.
The zap hits the gnoll.
The gnoll is heavily wounded.
The zap hits the gnoll.
The gnoll is severely wounded.
The gnoll hits you from afar with a spear!
You die...

###### .....#
##### ...>.# #...#
.....###...#######
.............ggl@#
.............###.#
.............# #.#
?....###...#.# #.#
.....# #...#.# #.#
.....# ##(.#.# #.#
.##.## #..... !..
....# ####)# #.# #
.##^###
#.############# #


You could see an iguana and 2 gnolls.

Vanquished Creatures
  A worker ant (D:4)
  2 gnolls (D:4)
  2 adders (D:4)
  An adder skeleton (D:4)
  2 bats
  2 giant cockroaches
  2 hobgoblins
  3 jackals (D:4)
  2 frilled lizards
  3 kobolds
  3 rats
23 creatures vanquished.

Notes
Turn   | Place    | Note
-------+----------+-------------------------------------------
     0 | D:1      | Asddderdsw the Draconian Air Elementalist began the quest for the Orb.
     0 | D:1      | Reached XP level 1. HP: 14/14 MP: 3/3
   426 | D:2      | Reached XP level 2. HP: 20/20 MP: 3/5
   483 | D:2      | Found a radiant altar of Vehumet.
   612 | D:2      | You fall through a shaft!
   881 | D:4      | Found a shattered altar of Ashenzari.
   898 | D:4      | Reached XP level 3. HP: 6/27 MP: 4/6
  1263 | D:4      | Reached XP level 4. HP: 34/34 MP: 0/7
  1316 | D:4      | Slain by a gnoll

Vault maps used:
D:1:      minmay_arrival_shattered_statue, corner_web_ring, minmay_pentomino_z4
D:2:      old_standard_altar
D:3:      fedhas_altar_3, bloody_trog, gammafunk_temple_overflow_statue,
          uniq_robin
D:4:      evilmike_ruin_ashenzari

Skill      XL: |  1  2 |
---------------+-------+-----
Dodging        | 2 |  2.2
Stealth        | 2 |  2.2
Fighting       | |  0.9
Axes           | |  0.6
Throwing       | |  0.1
Unarmed Combat | |  0.4
Spellcasting   | |  2.6
Conjurations   | |  1.0
Air Magic      | |  3.6

Action                   |  1- 3 |  4- 6 || total
-------------------------+-------+-------++-------
Melee: Unarmed           |    13 |       ||    13
       Dagger            |     4 |       ||     4
       Hand axe          |    27 |     5 ||    32
       Tailslap          |     4 |     1 ||     5
Throw: Stone             |     3 |       ||     3
 Cast: Shock             |    30 |     4 ||    34
Evoke: Wand              |     1 |       ||     1
  Use: Scroll            |     4 |       ||     4
       Potion            |     1 |     1 ||     2
  Eat: Beef jerky        |     1 |       ||     1
Armor: Skin              |    26 |     4 ||    30
Dodge: Dodged            |    49 |    10 ||    59
Block: Buckler           |     2 |       ||     2
